Cogmind - Beta 15 @@@ ROGUE MODE // 2025.06.03 @ 12:17:10 Player: Epsilon 11 Result: Self-destructed Performance ------------- Evolutions (4) 2000 Regions Visited (20) 4000 Robots Destroyed (127) 635 Value Destroyed (8050) 8050 Prototype IDs (53) 1060 Alien Tech Used (0) 0 Bonus (6858) 6858 TOTAL SCORE: 22603 Bonus ------- High Alert Combat Kills 220 Follower Combat Kills 2038 Entered Garrisons 1000 Used RIF Installer 3000 Aligned with FarCom 300 Met Data Miner 300 Cogmind --------- Core Integrity 716/850 Matter 209/300 Energy 886/1100 System Corruption 0% Temperature Warm (152) Movement Immobile (Siege) Location -6/Data Miner Parts ------- > --- POWER (1) -------- Hybrid Antimatter Reactor > --- PROPULSION (3) --- Improved Medium Treads Armored Heavy Treads > --- UTILITY (9) ------ Large Storage Unit Medium Reactive Plating Improved Hardlight Generator Relay Coupler [NC] (34) Relay Coupler [Swarmer] (24) Relay Coupler [Grunt] (30) Relay Coupler [Sentry] (16) > --- WEAPON (2) ------- Coil Gun > --- INVENTORY (15) --- Particle Reactor Advanced Cooling System Advanced Coolant Injector Advanced Matter Compressor (221) Experimental Sensor Array Experimental Core Analyzer Relay Coupler [NC] (32) Relay Coupler [Specialist] (27) Relay Coupler [Heavy] (21) Nova Cannon AWS/Gauss Precision Grenade Launcher Advanced Remote Datajack Plasma Cutter Peak State ------------ > --- POWER ------------ Hybrid Antimatter Reactor > --- PROPULSION ------- Improved Medium Treads Armored Heavy Treads > --- UTILITY ---------- Large Storage Unit Kinecellerator Medium Reactive Plating Medium Reflective Plating Improved Hardlight Generator Relay Coupler [NC] Relay Coupler [Swarmer] Relay Coupler [Grunt] Relay Coupler [Sentry] > --- WEAPON ----------- Hardcell Cannon Advanced Remote Datajack > --- INVENTORY -------- Advanced Cooling System Advanced Coolant Injector Advanced Matter Compressor Experimental Sensor Array Experimental Core Analyzer Relay Coupler [NC] Relay Coupler [Specialist] Relay Coupler [Heavy] Nova Cannon Coil Gun AWS/Gauss Precision Grenade Launcher Plasma Cutter [Rating: 80] Favorites ----------- Power Cooled Ion Engine Engine Cooled Ion Engine Power Core Nuclear Core Reactor Hybrid Antimatter Reactor Propulsion Light Treads Treads Light Treads Leg Carbon-fiber Leg Wheel Wheel Utility Large Storage Unit Device Structural Scanner Storage Large Storage Unit Hackware Relay Coupler [NC] Protection Core Shielding Weapon Autogun Energy Gun EM Shotgun Energy Cannon EM Pulse Cannon Ballistic Gun Autogun Ballistic Cannon Advanced Assault Cannon Launcher Precision Grenade Launcher Special Weapon Remote Datajack Impact Weapon Mace Special Melee Weapon Improved Datajack Build | -11 -10 -10 -9 -9 -9 -8 -8 -8 -8 -8 -7 -7 -7 -7 -6 -6 -6 -6 -6 -6 ------- Run | Yrd Mat Min Mat Min Exi Min Mat Gar Mat Gar Fac Gar Fac Gar Fac Gar Fac Low Low Dat Slots Evolved 8 | . . . 2 . . . 2 . . . 2 . . . 2 . . . . . Power . | . . . . . . . . . . . . . . . . . . . . . Propulsion 1 | . . . 1 . . . . . . . . . . . . . . . . . Utility 7 | . . . 1 . . . 2 . . . 2 . . . 2 . . . . . Weapon . | . . . . . . . . . . . . . . . . . . . . . Parts Attached 145 | 6 7 4 14 . 3 8 13 8 . 15 7 13 3 17 8 17 . 1 1 . Power 15 | 1 2 . 3 . . . 1 . . 2 . 1 . 3 1 1 . . . . Engine 11 | 1 2 . 3 . . . . . . 2 . 1 . 2 . . . . . . Core 3 | . . . . . . . 1 . . . . . . 1 1 . . . . . Reactor 1 | . . . . . . . . . . . . . . . . 1 . . . . Propulsion 37 | 2 . 2 3 . . 4 3 4 . 3 2 5 . 5 2 1 . 1 . . Treads 16 | . . . . . . . 3 4 . 3 1 1 . 1 1 1 . 1 . . Leg 17 | . . 2 3 . . 4 . . . . . 4 . 4 . . . . . . Wheel 4 | 2 . . . . . . . . . . 1 . . . 1 . . . . . Hover . | . . . . . . . . . . . . . . . . . . . . . Flight . | . . . . . . . . . . . . . . . . . . . . . Utility 61 | 1 1 . 4 . 2 1 7 3 . 6 5 5 1 7 4 14 . . . . Device 14 | . 1 . . . 1 . 3 2 . . 3 . . 1 3 . . . . . Storage 4 | 1 . . 1 . 1 . 1 . . . . . . . . . . . . . Processor . | . . . . . . . . . . . . . . . . . . . . . Hackware 26 | . . . . . . . . . . 4 1 3 1 5 . 12 . . . . Protection 17 | . . . 3 . . 1 3 1 . 2 1 2 . 1 1 2 . . . . Artifact . | . . . . . . . . . . . . . . . . . . . . . Weapon 32 | 2 4 2 4 . 1 3 2 1 . 4 . 2 2 2 1 1 . . 1 . Energy Gun 8 | 2 . . 2 . . . 2 . . 1 . . 1 . . . . . . . Energy Cannon 1 | . . . . . . . . 1 . . . . . . . . . . . . Ballistic Gun 9 | . 2 1 1 . 1 2 . . . . . . 1 1 . . . . . . Ballistic Cannon 6 | . . . . . . 1 . . . 2 . 1 . . 1 1 . . . . Launcher 3 | . 1 . 1 . . . . . . . . 1 . . . . . . . . Special Weapon 3 | . . . . . . . . . . 1 . . . 1 . . . . 1 . Impact Weapon 1 | . 1 . . . . . . . . . . . . . . . . . . . Slashing Weapon . | . . . . . . . . . . . . . . . . . . . . . Piercing Weapon . | . . . . . . . . . . . . . . . . . . . . . Special Melee Weapon 1 | . . 1 . . . . . . . . . . . . . . . . . . Unidentified Prototypes 2 | . . . 1 . . . . . . . . 1 . . . . . . . . Corrupted Parts 1 | . . 1 . . . . . . . . . . . . . . . . . . System Corruption 2 | . . 2 . . . . . . . . . . . . . . . . . . Parts Lost 38 | . . . 7 . . 1 5 . . 5 1 4 1 9 1 . . 1 . 3 Power 5 | . . . 1 . . . 1 . . 2 . 1 . . . . . . . . Propulsion 12 | . . . 1 . . . 2 . . 2 1 1 . 4 1 . . . . . Utility 13 | . . . 1 . . . 2 . . 1 . 1 1 4 . . . 1 . 2 Weapon 8 | . . . 4 . . 1 . . . . . 1 . 1 . . . . . 1 Highest Loss Streak 5 | . . . 3 . . 1 5 . . 2 1 1 1 4 1 . . 1 . 3 To Critical Strikes . | . . . . . . . . . . . . . . . . . . . . . Average Backups 13 | 1 7 7 11 15 14 13 13 13 14 13 13 13 13 13 12 13 14 13 13 14 Power . | . . . . 2 2 2 2 3 3 2 . . . . . . . . . 1 Propulsion . | . 2 . . . . . 1 . . . . . . . . . . . . . Utility 5 | . . 2 4 5 5 5 4 5 6 5 6 7 8 5 6 7 8 6 7 8 Weapon 4 | . 3 4 4 7 7 5 4 5 4 4 5 4 4 5 5 4 5 4 3 3 Tool/Special . | . . . . . . . . . . . . . . . . . . . . . Unused Backups 40 | . 2 1 1 . 1 . 6 4 . 4 3 1 . 1 . 4 . 1 . 11 Power 4 | . . . . . . . 1 . . 1 1 . . . . . . . . 1 Propulsion 1 | . . . . . . . . . . . . . . . . 1 . . . . Utility 24 | . . . 1 . . . 3 3 . 2 2 1 . . . 3 . 1 . 8 Weapon 10 | . 2 . . . 1 . 2 1 . 1 . . . 1 . . . . . 2 Tool/Special 1 | . . 1 . . . . . . . . . . . . . . . . . . Average Slot Usage (%) 96 | . 99 100 98 100 100 100 98 100 100 98 95 98 98 96 86 92 92 92 92 92 Engine 6 | . 13 14 10 11 11 11 6 . . 5 7 6 7 4 . . . . . . Core 1 | . . . . . . . 2 9 9 3 . . . 2 5 5 . . . . Treads 8 | . . . . . . . 8 27 27 25 14 6 7 1 3 10 13 13 13 13 Leg 11 | . . 20 31 33 33 33 18 . . . . 7 7 19 6 . . . . . Wheel 3 | . 28 7 . . . . . . . . 5 7 7 1 4 2 . . . . Device 10 | . 13 14 11 11 11 11 16 18 18 10 16 5 5 4 10 8 6 11 13 12 Storage 8 | . 14 14 11 11 11 11 9 9 9 9 7 7 7 7 6 6 6 6 6 6 Hackware 16 | . . . . . . . . . . 14 18 26 23 29 33 33 40 30 26 26 Protection 10 | . . . 10 11 11 11 17 18 18 11 7 11 15 8 . 9 5 10 13 13 Energy Gun 4 | . 9 . 8 22 12 . 3 12 9 8 3 1 1 . . . . . . . Energy Cannon 1 | . . . . . . . . 3 9 4 3 2 . . . . . . . . Ballistic Gun 5 | . 12 25 12 . . 19 13 . . . . . . 5 . 1 . 5 4 6 Ballistic Cannon 2 | . . . . . . 2 . . . 2 5 7 2 . . 2 6 6 6 6 Special Weapon 1 | . . . . . . . . . . 2 1 1 4 3 6 4 6 . 1 . Impact Weapon 1 | . 6 2 . . . . 1 . . . . . 4 3 5 3 . . . . Peak Build Rating 80 | 6 10 11 18 18 28 23 29 31 28 36 45 46 49 51 64 73 73 76 80 78 Average Rating 38 | 4 9 10 15 18 20 21 26 29 28 30 40 42 45 44 54 66 72 75 77 77 On Entrance 36 | . 6 10 11 18 18 20 23 29 28 28 31 44 46 44 46 64 73 73 76 78 Naked Turns . | . . . . . . . . . . . . . . . . . . . . . Heaviest Build 86 | 14 17 17 37 36 36 39 44 48 43 45 53 59 53 51 70 83 73 86 86 86 Greatest Support 105 | 26 26 26 35 35 35 40 62 62 60 60 40 10 10 45 45 105 105 105 90 90 Greatest Overweight (x) 6 | . . . 1 1 1 1 . 1 . 1 5 5 5 5 6 6 . . . . Average Overweight (x) 1 | . . . . 1 . . . . . . 3 4 4 . 2 2 . . . . Largest Inventory Capacity 15 | 8 8 8 15 15 15 15 15 15 15 15 15 15 15 15 15 15 15 15 15 15 Average Capacity 14 | 6 8 8 13 15 15 15 15 15 15 15 15 15 15 15 15 15 15 15 15 15 Most Carried 15 | 4 8 8 15 15 15 15 15 15 15 15 15 15 15 15 15 15 15 15 15 15 Average Carried 13 | 1 7 7 11 14 14 14 14 14 15 14 14 14 14 14 14 14 15 14 14 15 Final Capacity 15 | 8 8 8 15 15 15 15 15 15 15 15 15 15 15 15 15 15 15 15 15 15 Final Carried 15 | 4 8 8 15 15 15 15 15 15 15 15 15 15 15 15 14 15 15 14 15 15 Class Distribution -------------------- 34% | Bothacker-Mutant 29% | Scavenger-Mutant 21% | Botlord-Mutant 14% | Mutant Dominant Class ---------------- Mutant | -10/Materials Mutant | -10/Mines Mutant | -9/Materials Scavenger-Mutant | -9/Mines Scavenger-Mutant | -9/Exiles Scavenger-Mutant | -8/Mines Scavenger-Mutant | -8/Materials Scavenger-Mutant | -8/Garrison Scavenger-Mutant | -8/Materials Scavenger-Mutant | -8/Garrison Bothacker-Mutant | -7/Factory Bothacker-Mutant | -7/Garrison Bothacker-Mutant | -7/Factory Bothacker-Mutant | -7/Garrison Botlord-Mutant | -6/Factory Botlord-Mutant | -6/Garrison Botlord-Mutant | -6/Factory Botlord-Mutant | -6/Lower Caves Botlord-Mutant | -6/Lower Caves Botlord-Mutant | -6/Data Miner Resources | -11 -10 -10 -9 -9 -9 -8 -8 -8 -8 -8 -7 -7 -7 -7 -6 -6 -6 -6 -6 -6 ----------- Run | Yrd Mat Min Mat Min Exi Min Mat Gar Mat Gar Fac Gar Fac Gar Fac Gar Fac Low Low Dat Matter Collected 6398 | 242 95 175 823 10 40 378 378 267 . 575 281 704 136 1013 153 691 25 122 290 . Remotely . | . . . . . . . . . . . . . . . . . . . . . Salvage Created 5087 | . 349 105 871 27 . 296 513 214 . 627 113 531 109 874 42 171 . 119 91 35 Parts 254 | . 22 7 52 1 . 17 27 6 . 40 9 25 3 37 . 3 . 2 3 . Haulers Intercepted 2 | . 1 . . . . . 1 . . . . . . . . . . . . . Recyclers Shooed . | . . . . . . . . . . . . . . . . . . . . . Parts Field Recycled . | . . . . . . . . . . . . . . . . . . . . . Retrieved Matter . | . . . . . . . . . . . . . . . . . . . . . Parts Self-Destructed 29 | . . . . . . . . . . . . . . . . . . 23 6 . Prevented . | . . . . . . . . . . . . . . . . . . . . . Kills | -11 -10 -10 -9 -9 -9 -8 -8 -8 -8 -8 -7 -7 -7 -7 -6 -6 -6 -6 -6 -6 ------- Run | Yrd Mat Min Mat Min Exi Min Mat Gar Mat Gar Fac Gar Fac Gar Fac Gar Fac Low Low Dat Combat Hostiles Destroyed 115 | . 7 2 24 2 . 6 13 4 . 18 3 14 2 11 1 4 . 2 1 1 Guns 67 | . 5 2 21 1 . 6 13 3 . 3 2 1 1 8 . 1 . . . . Cannons 33 | . . . . . . . . 1 . 9 1 11 1 3 1 2 . 2 1 1 AOE 14 | . 2 . 3 1 . . . . . 5 . 2 . . . 1 . . . . Classes Destroyed 13 | . 4 1 3 . . 2 . 1 . 1 . 1 . . . . . . . . Worker 6 | . . . . . . 2 . . . . 1 . 2 . 1 . . . . . Builder 1 | . . . 1 . . . . . . . . . . . . . . . . . Hauler 2 | . 1 . . . . . 1 . . . . . . . . . . . . . Recycler 1 | . 1 . . . . . . . . . . . . . . . . . . . Watcher 2 | . . . 2 . . . . . . . . . . . . . . . . . Swarmer 23 | . 2 . 7 2 . . 3 . . 4 1 . . 3 1 . . . . . Cutter 1 | . . . . . . . . . . . . 1 . . . . . . . . Grunt 42 | . 5 . 11 . . 5 6 2 . 2 . 5 . 3 . 3 . . . . Brawler 3 | . . . . . . 1 . . . . . 1 . . . 1 . . . . Duelist 3 | . . . 1 . . . . . . . . 1 . . . . . 1 . . Sentry 23 | . . 2 5 . . . 4 1 . 6 . 4 . . . . . 1 . . Hunter 7 | . . . . . . . . . . 2 1 1 1 1 . . . . 1 . Programmer 12 | . . . . . . . . 1 . 4 1 1 1 4 . . . . . . Enhanced Grunt 1 | . . . . . . . . . . . . . . . . . . . . 1 Packrat 1 | . . . . . . . . . . . . . . . . . . . 1 . Best Kill Streak 6 | . 2 2 6 2 . 3 3 2 . 4 1 3 2 3 1 1 . 2 1 1 Combat Bots Only 6 | . 2 2 6 2 . 3 3 2 . 4 1 3 1 3 1 1 . 2 1 1 Max Kills in Single Turn 3 | . 2 1 3 2 . 1 2 1 . 2 1 1 1 1 1 1 . 1 1 1 Gunslinging 1 | . . . . . . . 1 . . . . . . . . . . . . . Exploded 3 | . 2 . 3 1 . . . . . 2 . 1 . . . 1 . . . . Melee . | . . . . . . . . . . . . . . . . . . . . . Uniques/NPCs Destroyed . | . . . . . . . . . . . . . . . . . . . . . Combat | -11 -10 -10 -9 -9 -9 -8 -8 -8 -8 -8 -7 -7 -7 -7 -6 -6 -6 -6 -6 -6 -------- Run | Yrd Mat Min Mat Min Exi Min Mat Gar Mat Gar Fac Gar Fac Gar Fac Gar Fac Low Low Dat Hostile Shots Fired 979 | . 25 14 156 5 . 31 87 28 . 91 41 160 28 163 70 33 10 7 . 30 Missed 303 | . 9 4 48 2 . 8 18 6 . 24 16 60 7 55 27 7 5 2 . 5 Hits 676 | . 16 10 108 3 . 23 69 22 . 67 25 100 21 108 43 26 5 5 . 25 Melee 4 | . . . 1 . . . . . . . . 1 . 2 . . . . . . Projectile 672 | . 16 10 107 3 . 23 69 22 . 67 25 99 21 106 43 26 5 5 . 25 AOE 1 | . . . . . . . . . . . . 1 . . . . . . . . Critical Strikes 19 | . . . . . . 1 3 1 . 4 . 4 2 1 1 . . 2 . . Actively Blocked 2 | . . . . . . . 1 1 . . . . . . . . . . . . Part Disruptions 1 | . . . . . . . . 1 . . . . . . . . . . . . Damage Taken 8996 | . 193 165 1293 27 . 371 1066 325 . 1078 267 989 319 1339 252 277 75 74 50 836 Core 1018 | . 42 39 191 . . 16 125 12 . 68 33 201 41 116 10 30 23 37 . 34 Absorbed by Shields 535 | . . . . . . . . . . . . . . . 241 126 . 18 . 150 Reduced by Siege Mode 55 | . . . . . . . . . . . . . . . . 3 . . . 52 Redirected to Shielding 48 | . . . 8 . . . 26 2 . 12 . . . . . . . . . . Ignored by Resistances 374 | . . . . . . . . . . . . . . . 18 82 26 33 25 190 Regen/Repaired (Parts) 310 | . . . 145 . . . 45 . . . . . . . . . 120 . . . Core Remaining (%) 64 | 100 . 67 . . . 48 . . . 62 . . . 44 . . . . . . Volleys Fired 657 | . 20 5 89 2 . 57 40 24 . 93 14 110 26 76 13 61 5 7 5 10 Largest 2 | . 2 2 2 2 . 2 2 2 . 2 2 2 2 2 1 2 1 2 2 2 Hottest 132 | . 80 46 90 90 . 68 48 126 . 132 132 109 99 99 44 99 5 85 85 85 Shots Fired 974 | . 39 10 173 4 . 79 80 38 . 134 20 144 37 91 13 67 5 14 7 19 Gun 571 | . 38 10 170 4 . 44 80 24 . 45 5 37 11 68 . 17 . 7 2 9 Cannon 276 | . . . . . . 35 . 14 . 64 8 98 11 12 3 11 . 7 3 10 Launcher 9 | . 1 . 3 . . . . . . 2 . 3 . . . . . . . . Special 118 | . . . . . . . . . . 23 7 6 15 11 10 39 5 . 2 . Kinetic 600 | . 20 10 158 . . 74 80 . . 35 3 64 12 75 3 28 . 14 5 19 Thermal 111 | . . . . . . . . 24 . 45 5 37 . . . . . . . . Explosive 9 | . 1 . 3 . . . . . . 2 . 3 . . . . . . . . Electromagnetic 136 | . 18 . 12 4 . 5 . 14 . 29 5 34 10 5 . . . . . . Robot Hit Streak 21 | . 5 5 15 3 . 16 12 19 . 9 7 8 5 21 3 11 6 7 5 5 Robot Miss Streak 6 | . 4 2 3 2 . 4 3 1 . 4 2 5 5 6 4 3 1 1 2 2 Penetration Max 1 | . . . . . . . . . . . . . . 1 . . . . . . Secondary Targets 6 | . . 1 1 . . . 4 . . . . . . . . . . . . . Max Gunslinging Chain 1 | . . 1 1 . . . 1 . . . . . . . . . . . . . Shots Hit Robots 612 | . 20 6 117 3 6 36 64 25 . 69 13 55 24 84 8 49 4 11 5 13 Core Hits 301 | . 11 4 44 3 . 22 36 9 . 24 5 41 10 62 3 14 . 4 2 7 Critical Kills 1 | . . . 1 . . . . . . . . . . . . . . . . . Critical Parts Destroyed 6 | . . . . . . 1 . . . . . . 1 4 . . . . . . Critical Strikes 16 | . . . 1 . . 1 . . . 3 . 2 1 4 . . . 1 1 2 Burn 2 | . . . . . . . . . . 2 . . . . . . . . . . Destroy 6 | . . . 1 . . 1 . . . . . . . 3 . . . 1 . . Blast 6 | . . . . . . . . . . 1 . 2 . . . . . . 1 2 Smash 2 | . . . . . . . . . . . . . 1 1 . . . . . . Melee Attacks 97 | . 3 . . . 6 . 5 5 . . 4 4 6 39 3 22 . . . . Impact 87 | . 3 . . . . . 5 1 . . 4 4 6 39 3 22 . . . . Slashing . | . . . . . . . . . . . . . . . . . . . . . Piercing . | . . . . . . . . . . . . . . . . . . . . . Sneak Attacks 13 | . . . . . 6 . . 4 . . . . 2 . 1 . . . . . Combat Hostiles . | . . . . . . . . . . . . . . . . . . . . . Follow-up Attacks . | . . . . . . . . . . . . . . . . . . . . . Damage Inflicted 12751 | . 529 124 1926 129 . 642 1242 435 . 1657 214 1857 365 2030 117 414 . 366 161 543 Guns 7246 | . 309 110 1758 33 . 546 1242 312 . 529 76 98 84 1523 . 257 . 156 47 166 Cannons 3743 | . . . . . . . . 123 . 821 138 1216 158 378 51 157 . 210 114 377 Explosions 1298 | . 220 . 152 76 . . . . . 307 . 543 . . . . . . . . Melee 317 | . . . . . . . . . . . . . 123 128 66 . . . . . Ramming 147 | . . 14 16 20 . 96 . . . . . . . 1 . . . . . . Kinetic 8707 | . 185 110 1647 . . 479 1242 . . 561 38 890 158 1862 51 414 . 366 161 543 Thermal 1398 | . 193 . . 76 . . . 312 . 643 76 98 . . . . . . . . Explosive 915 | . 27 . 152 . . . . . . 193 . 543 . . . . . . . . Electromagnetic 1267 | . 124 . 111 33 . 67 . 123 . 260 100 326 84 39 . . . . . . Impact 317 | . . . . . . . . . . . . . 123 128 66 . . . . . Slashing . | . . . . . . . . . . . . . . . . . . . . . Piercing . | . . . . . . . . . . . . . . . . . . . . . Highest Corruption 5 | . . 2 . . . . . 1 1 4 . 3 3 5 . . . . . . Average Corruption 3 | . . 2 . . . . . 1 1 2 . 3 3 4 . . . . . . Corruption Purged . | . . . . . . . . . . . . . . . . . . . . . Corruption Blocked . | . . . . . . . . . . . . . . . . . . . . . Effects 105 | . . . . . . . . 1 . 37 . 7 20 40 . . . . . . Message Errors 25 | . . . . . . . . . . 9 . 1 4 11 . . . . . . Matter Fused 21 | . . . . . . . . . . 5 . 2 6 8 . . . . . . Heat Flow Errors 17 | . . . . . . . . . . 6 . . 3 8 . . . . . . Energy Discharges 10 | . . . . . . . . 1 . 2 . 1 3 3 . . . . . . Parts Fused 1 | . . . . . . . . . . 1 . . . . . . . . . . Data Loss (minor) 13 | . . . . . . . . . . 6 . 1 2 4 . . . . . . Data Loss (major) 9 | . . . . . . . . . . 4 . . 1 4 . . . . . . Misfires 4 | . . . . . . . . . . 1 . 1 1 1 . . . . . . Alerts 3 | . . . . . . . . . . 2 . 1 . . . . . . . . Weapon Failures 2 | . . . . . . . . . . 1 . . . 1 . . . . . . Overload Shots . | . . . . . . . . . . . . . . . . . . . . . Overflow Damage 207 | . . . 10 . . . . . . 10 . . 98 33 26 . . . 30 . Projectiles 30 | . . . . . . . . . . . . . . . . . . . 30 . Explosions 20 | . . . 10 . . . . . . 10 . . . . . . . . . . Melee 157 | . . . . . . . . . . . . . 98 33 26 . . . . . Knockbacks 24 | . . . . 1 . . . . . 2 . 8 3 5 2 1 . . 1 1 Impact 2 | . . . . 1 . . . . . . . . . 1 . . . . . . Kinetic 20 | . . . . . . . . . . 1 . 8 3 3 2 1 . . 1 1 Secondary 2 | . . . . . . . . . . 1 . . . 1 . . . . . . Self-Inflicted Damage 36 | . 36 . . . . . . . . . . . . . . . . . . . Shots 1 | . 1 . . . . . . . . . . . . . . . . . . . Rammed 2 | . . . . . . . . . . . . . . 2 . . . . . . Targets Rammed 18 | . . 1 4 3 . 8 . . . . . . . 2 . . . . . . Kicked 16 | . . 1 4 3 . 8 . . . . . . . . . . . . . . Crushed . | . . . . . . . . . . . . . . . . . . . . . Highest Temperature 351 | . 90 40 52 30 . 29 32 96 . 311 45 351 336 246 . 36 . 45 20 152 Average Temperature 71 | . 29 20 20 15 . 11 9 47 . 80 16 109 152 98 . 17 . 18 9 77 Received Heat Transfer 2460 | . 60 54 462 . . 225 540 90 . 243 36 324 18 279 17 82 12 18 . . Effects 8 | . . . . . . . . . . 2 . 3 . 3 . . . . . . Energy Bleed 2 | . . . . . . . . . . 1 . 1 . . . . . . . . Interference 6 | . . . . . . . . . . 1 . 2 . 3 . . . . . . Siege Activations 8 | . . . . . . . . . . . . . . . . 4 . 2 . 2 Total Turns 82 | . . . . . . . . . . . . . . . . 44 . 11 . 27 Longest Duration 21 | . . . . . . . . . . . . . . . . 15 . 9 . 21 Martial Activations . | . . . . . . . . . . . . . . . . . . . . . Shielding Activations . | . . . . . . . . . . . . . . . . . . . . . Robots Disrupted . | . . . . . . . . . . . . . . . . . . . . . Combat Hostiles . | . . . . . . . . . . . . . . . . . . . . . Robots Corrupted 1 | . . . . . . 1 . . . . . . . . . . . . . . Combat Hostiles . | . . . . . . . . . . . . . . . . . . . . . Parts Fried 6 | . . . . . . 1 . 1 . 1 . . 2 . 1 . . . . . Impact Corruptions 6 | . . . . . . 1 . . . . . . 2 2 1 . . . . . Robots Melted 1 | . . . . . . . . . . 1 . . . . . . . . . . Combat Hostiles 1 | . . . . . . . . . . 1 . . . . . . . . . . Parts Melted 6 | . . . . . . . . 3 . 2 1 . . . . . . . . . Heat Transferred 2409 | . 150 . . 100 . . . 629 . 1197 148 185 . . . . . . . . Parts Sabotaged . | . . . . . . . . . . . . . . . . . . . . . Parts Stolen . | . . . . . . . . . . . . . . . . . . . . . Parts Stripped . | . . . . . . . . . . . . . . . . . . . . . Power Chain Reactions 4 | . 2 . . 1 . . . . . 1 . . . . . . . . . . Alert | -11 -10 -10 -9 -9 -9 -8 -8 -8 -8 -8 -7 -7 -7 -7 -6 -6 -6 -6 -6 -6 ------- Run | Yrd Mat Min Mat Min Exi Min Mat Gar Mat Gar Fac Gar Fac Gar Fac Gar Fac Low Low Dat Maximum Alert Level 3 | . . . . . . . . 1 . 3 2 2 1 2 1 3 2 . . . Low Security (%) 60 | 100 100 100 100 100 . 100 100 51 100 22 53 35 89 35 29 37 . . . . Level 1 18 | . . . . . . . . 48 . 20 43 30 10 32 70 1 44 . . . Level 2 18 | . . . . . . . . . . 50 3 34 . 31 . 39 55 . . . Level 3 2 | . . . . . . . . . . 6 . . . . . 21 . . . . Level 4 . | . . . . . . . . . . . . . . . . . . . . . Level 5 . | . . . . . . . . . . . . . . . . . . . . . High Security . | . . . . . . . . . . . . . . . . . . . . . Max Security . | . . . . . . . . . . . . . . . . . . . . . Peak Influence 962 | . 86 42 165 85 . 60 100 273 132 784 411 676 354 436 302 962 504 . . . Initial 504 | . . . . . . . . 1 132 85 411 14 354 . 228 109 504 . . . Average 207 | . 15 5 57 28 . 8 27 154 132 419 194 320 65 252 226 468 415 . . . Influence Increases 5974 | . 244 42 701 85 . 152 358 292 . 829 130 722 91 626 217 953 148 277 107 . Destroy 0b10 Robot/C 2965 | . 140 40 480 40 . 120 260 160 . 405 90 210 30 255 75 390 60 150 60 . Destroy 0b10 Robot/NC 84 | . 10 . 15 . . 10 5 . . . 4 . 8 16 12 . 4 . . . Destroy Leader 434 | . 22 . 104 . . 20 72 . . 32 24 24 16 24 16 40 8 16 16 . Allied During Kill 480 | . . 2 . . . . . 23 . 33 4 . . 18 20 182 56 111 31 . Successful Hack 183 | . 20 . 36 . . . 19 14 . 12 5 23 34 11 . 6 3 . . . Select Force Hacks 30 | . . . 30 . . . . . . . . . . . . . . . . . Disable Machine 108 | . 15 . . 45 . . . . . 12 . . . 12 24 . . . . . Anti-Garrison Action 1070 | . . . . . . . . 50 . 264 . 302 . 189 . 265 . . . . Destroy Structure 530 | . 22 . 21 . . 2 2 45 . 71 3 151 3 101 46 46 17 . . . Partial Spotted 15 | . . . 15 . . . . . . . . . . . . . . . . . Lose Combat Pursuer 75 | . 15 . . . . . . . . . . 12 . . 24 24 . . . . Influence Decreases 5974 | . 244 42 701 85 . 152 355 22 141 177 893 67 767 190 496 148 724 511 259 . Entered New Map 1779 | . . . . . . . . 2 141 47 373 7 322 . 208 48 458 143 30 . Time Decay 2991 | . 244 42 481 85 . 142 344 . . . 470 . 292 . 198 . 246 278 169 . Lost Part 304 | . . . 70 . . 10 11 . . 50 10 40 3 90 10 . . 10 . . Lost Ally 600 | . . . . . . . . 20 . 80 40 20 . 100 80 100 20 80 60 . Purge Threat 300 | . . . 150 . . . . . . . . . 150 . . . . . . . Squads Dispatched 11 | . . . 5 . . . . . . . 3 . 3 . . . . . . . Investigation 5 | . . . 3 . . . . . . . 1 . 1 . . . . . . . Extermination 3 | . . . . . . . . . . . 2 . 1 . . . . . . . Reinforcement 3 | . . . 2 . . . . . . . . . 1 . . . . . . . Assault . | . . . . . . . . . . . . . . . . . . . . . Garrison . | . . . . . . . . . . . . . . . . . . . . . Intercept . | . . . . . . . . . . . . . . . . . . . . . Searches Triggered . | . . . . . . . . . . . . . . . . . . . . . Construction Impeded . | . . . . . . . . . . . . . . . . . . . . . Haulers Reinforced . | . . . . . . . . . . . . . . . . . . . . . Active Scanning Responses . | . . . . . . . . . . . . . . . . . . . . . Cargo Convoy Interrupts . | . . . . . . . . . . . . . . . . . . . . . Stealth | -11 -10 -10 -9 -9 -9 -8 -8 -8 -8 -8 -7 -7 -7 -7 -6 -6 -6 -6 -6 -6 --------- Run | Yrd Mat Min Mat Min Exi Min Mat Gar Mat Gar Fac Gar Fac Gar Fac Gar Fac Low Low Dat Distress Signals 6 | . 2 . 2 . . . . . . . 1 . . . 1 . . . . . Communications Jammed . | . . . . . . . . . . . . . . . . . . . . . Distress Signals . | . . . . . . . . . . . . . . . . . . . . . Times Spotted 242 | . 12 2 33 4 . 6 18 7 . 29 11 22 9 27 9 34 4 5 4 6 Peak Tracking Total 6 | . 4 2 4 4 . 3 3 3 . 5 4 4 2 6 6 6 3 4 3 4 Tactical Retreats 5 | . 1 . . . . . . . . . . 1 . . 1 2 . . . . Traps | -11 -10 -10 -9 -9 -9 -8 -8 -8 -8 -8 -7 -7 -7 -7 -6 -6 -6 -6 -6 -6 ------- Run | Yrd Mat Min Mat Min Exi Min Mat Gar Mat Gar Fac Gar Fac Gar Fac Gar Fac Low Low Dat Traps Triggered 12 | . . 1 1 . . . . . . . 1 5 1 3 . . . . . . Indirectly . | . . . . . . . . . . . . . . . . . . . . . Trap Hack Attempts 4 | . . . . . . . . 4 . . . . . . . . . . . . Triggered . | . . . . . . . . . . . . . . . . . . . . . Disarmed . | . . . . . . . . . . . . . . . . . . . . . Reprogrammed 1 | . . . . . . . . 1 . . . . . . . . . . . . Reused . | . . . . . . . . . . . . . . . . . . . . . Traps Extracted . | . . . . . . . . . . . . . . . . . . . . . Installed . | . . . . . . . . . . . . . . . . . . . . . Triggered . | . . . . . . . . . . . . . . . . . . . . . Machines | -11 -10 -10 -9 -9 -9 -8 -8 -8 -8 -8 -7 -7 -7 -7 -6 -6 -6 -6 -6 -6 ---------- Run | Yrd Mat Min Mat Min Exi Min Mat Gar Mat Gar Fac Gar Fac Gar Fac Gar Fac Low Low Dat Machines Disabled 30 | . 1 2 . 3 . . . 1 . 5 . 4 . 4 2 6 . 1 . 1 Max in Single Turn 3 | . 1 1 . 3 . . . 1 . 1 . 1 . 1 . 1 . . . 1 Garrison Access 1 | . . . . . . . . . . . . . . . . . 1 . . . Garrison Relay 17 | . . . . . . . . 1 . 3 . 4 . 3 . 6 . . . . Machines Repaired . | . . . . . . . . . . . . . . . . . . . . . Machines Dismantled 1 | . . . . . . . . . . . . . . 1 . . . . . . Machines Sabotaged . | . . . . . . . . . . . . . . . . . . . . . Overloaded Fab Kills . | . . . . . . . . . . . . . . . . . . . . . Hacking | -11 -10 -10 -9 -9 -9 -8 -8 -8 -8 -8 -7 -7 -7 -7 -6 -6 -6 -6 -6 -6 --------- Run | Yrd Mat Min Mat Min Exi Min Mat Gar Mat Gar Fac Gar Fac Gar Fac Gar Fac Low Low Dat Machines Accessed 70 | . 6 1 11 . 2 . 9 3 1 5 8 2 6 3 1 2 6 . . 4 Terminals 46 | . 5 . 9 . . . 6 3 . 5 4 2 4 3 . 2 3 . . . Fabricators 2 | . . . . . . . . . . . 1 . . . . . 1 . . . Repair Stations 3 | . . . 1 . . . 1 . . . . . . . . . 1 . . . Recycling Units 3 | . 1 . . . . . . . . . 1 . 1 . . . . . . . Scanalyzers 3 | . . . 1 . . . 1 . . . 1 . . . . . . . . . Garrison Access 6 | . . . . . . . 1 . 1 . 1 . 1 . 1 . 1 . . . Total Hacks 189 | . 24 1 38 . 2 . 25 4 2 11 14 2 17 4 2 4 12 . . 27 Successful 105 | . 14 1 17 . 2 . 15 3 2 1 5 2 7 1 2 1 5 . . 27 Failed 83 | . 10 . 20 . . . 10 1 . 10 9 . 10 3 . 3 7 . . . Catastrophic 15 | . 1 . 3 . . . 1 1 . 1 4 . . 1 . 1 2 . . . Database Lockouts 1 | . . . 1 . . . . . . . . . . . . . . . . . Manual 92 | . 18 . 30 . 1 . 15 1 . 2 5 . 14 . . . 6 . . . Terminals 122 | . 21 . 34 . . . 19 4 . 11 6 2 13 4 . 4 4 . . . Fabricators 7 | . . . . . . . . . . . 3 . . . . . 4 . . . Repair Stations 8 | . . . 3 . . . 2 . . . . . . . . . 3 . . . Recycling Units 7 | . 3 . . . . . . . . . 2 . 2 . . . . . . . Scanalyzers 6 | . . . 1 . . . 3 . . . 2 . . . . . . . . . Garrison Access 9 | . . . . . . . 1 . 2 . 1 . 2 . 2 . 1 . . . Terminal Hacks 51 | . 3 1 6 . 2 . 2 3 . 1 1 2 1 1 . 1 . . . 27 Record 8 | . . . . . 1 . . . . . . . . . . . . . . 7 Part Schematic 10 | . . . . . . . . . . . . . . . . . . . . 10 Robot Schematic 9 | . . . 1 . . . . . . . . . 1 . . . . . . 7 Robot Analysis 5 | . 1 . 3 . . . . . . . 1 . . . . . . . . . Prototype ID Bank 3 | . . . . . . . . . . . . . . . . . . . . 3 Open Door 3 | . . 1 . . . . . 1 . . . . . . . 1 . . . . Emergency Access Points 3 | . . . . . . . . 1 . . . 1 . 1 . . . . . . Terminal Index 1 | . 1 . . . . . . . . . . . . . . . . . . . Garrison Index 1 | . . . . . . . 1 . . . . . . . . . . . . . Unreport Threat 1 | . . . 1 . . . . . . . . . . . . . . . . . Locate Traps 2 | . 1 . . . . . 1 . . . . . . . . . . . . . Recall Investigation 1 | . . . 1 . . . . . . . . . . . . . . . . . Garrison Registry 1 | . . . . . . . . 1 . . . . . . . . . . . . Security Stations 2 | . . . . . . . . . . 1 . 1 . . . . . . . . Proto ID Catalog 1 | . . . . . 1 . . . . . . . . . . . . . . . Fabricator Hacks 1 | . . . . . . . . . . . . . . . . . 1 . . . Network Status 1 | . . . . . . . . . . . . . . . . . 1 . . . Repair Station Hacks 6 | . . . 2 . . . 2 . . . . . . . . . 2 . . . Scan Component 3 | . . . 1 . . . 1 . . . . . . . . . 1 . . . Repair 3 | . . . 1 . . . 1 . . . . . . . . . 1 . . . Recycling Unit Hacks 2 | . 1 . . . . . . . . . 1 . . . . . . . . . Report Inventory 2 | . 1 . . . . . . . . . 1 . . . . . . . . . Scanalyzer 3 | . . . . . . . 2 . . . 1 . . . . . . . . . Insert Component 2 | . . . . . . . 1 . . . 1 . . . . . . . . . Analyze 1 | . . . . . . . 1 . . . . . . . . . . . . . Garrison Access Hacks 9 | . . . . . . . 1 . 2 . 1 . 2 . 2 . 1 . . . Unlock Access 5 | . . . . . . . 1 . 1 . 1 . 1 . 1 . . . . . Seal Access 1 | . . . . . . . . . . . . . . . . . 1 . . . Coupler Status 3 | . . . . . . . . . 1 . . . 1 . 1 . . . . . Unauthorized Hacks 33 | . 10 . 9 . . . 8 . . . 1 . 4 . . . 1 . . . Terminals 29 | . 9 . 7 . . . 8 . . . 1 . 4 . . . . . . . Assimilate 1 | . 1 . . . . . . . . . . . . . . . . . . . Botnet 7 | . 2 . 2 . . . 2 . . . . . 1 . . . . . . . Operators 2 | . 1 . . . . . 1 . . . . . . . . . . . . . Skim 19 | . 5 . 5 . . . 5 . . . 1 . 3 . . . . . . . Fabricators 1 | . . . . . . . . . . . . . . . . . 1 . . . Report 1 | . . . . . . . . . . . . . . . . . 1 . . . Repair Stations 1 | . . . 1 . . . . . . . . . . . . . . . . . Patch 1 | . . . 1 . . . . . . . . . . . . . . . . . Recycling Units 1 | . 1 . . . . . . . . . . . . . . . . . . . Recyclers 1 | . 1 . . . . . . . . . . . . . . . . . . . Scanalyzers 1 | . . . 1 . . . . . . . . . . . . . . . . . Extract 1 | . . . 1 . . . . . . . . . . . . . . . . . Garrison Access . | . . . . . . . . . . . . . . . . . . . . . Data Cores Recovered . | . . . . . . . . . . . . . . . . . . . . . Used . | . . . . . . . . . . . . . . . . . . . . . Hacking Detections 53 | . 6 . 10 . . . 7 1 1 5 8 . 6 3 . 1 5 . . . Full Trace Events . | . . . . . . . . . . . . . . . . . . . . . Feedback Events . | . . . . . . . . . . . . . . . . . . . . . Feedback Blocked . | . . . . . . . . . . . . . . . . . . . . . Robot Schematics Acquired 9 | . . . 1 . . . . . . . . . 1 . . . . . . 7 Robots Built . | . . . . . . . . . . . . . . . . . . . . . Authchips . | . . . . . . . . . . . . . . . . . . . . . Time . | . . . . . . . . . . . . . . . . . . . . . Total Robot Build Rating . | . . . . . . . . . . . . . . . . . . . . . Part Schematics Acquired 15 | . . . 4 . . . 1 . . . . . . . . . . . . 10 Parts Built . | . . . . . . . . . . . . . . . . . . . . . Authchips . | . . . . . . . . . . . . . . . . . . . . . Time . | . . . . . . . . . . . . . . . . . . . . . Total Part Build Rating . | . . . . . . . . . . . . . . . . . . . . . Parts Repaired 3 | . . . 1 . . . 1 . . . . . . . . . 1 . . . Time 108 | . . . 38 . . . 26 . . . . . . . . . 44 . . . Parts Recycled . | . . . . . . . . . . . . . . . . . . . . . Recycled Matter . | . . . . . . . . . . . . . . . . . . . . . Retrieved Matter . | . . . . . . . . . . . . . . . . . . . . . Retrieved Components . | . . . . . . . . . . . . . . . . . . . . . Parts Scanalyzed 1 | . . . . . . . 1 . . . . . . . . . . . . . Part Schematics Acquired 1 | . . . . . . . 1 . . . . . . . . . . . . . Parts Damaged . | . . . . . . . . . . . . . . . . . . . . . Bothacking | -11 -10 -10 -9 -9 -9 -8 -8 -8 -8 -8 -7 -7 -7 -7 -6 -6 -6 -6 -6 -6 ------------ Run | Yrd Mat Min Mat Min Exi Min Mat Gar Mat Gar Fac Gar Fac Gar Fac Gar Fac Low Low Dat Used RIF Installer 6 | . . . . . . . . 1 . 1 . 1 . 2 . 1 . . . . Coupler Efficiency 1 | . . . . . . . . . . . . . . 1 . . . . . . Command Fork 1 | . . . . . . . . . . . . 1 . . . . . . . . Threat Obfuscator 1 | . . . . . . . . . . 1 . . . . . . . . . . Zone Cloak 1 | . . . . . . . . . . . . . . . . 1 . . . . Patrol Navigation 1 | . . . . . . . . . . . . . . 1 . . . . . . Robots Hacked 60 | . . . . . 5 . . . . 10 3 5 4 10 3 16 3 . 1 . Non-combat 9 | . . . . . 4 . . . . 1 1 . 2 . . . 1 . . . Combat 51 | . . . . . 1 . . . . 9 2 5 2 10 3 16 2 . 1 . Robot Hacks Applied 70 | . . . . . 6 . . . . 12 4 5 8 10 4 17 3 . 1 . parse_system 12 | . . . . . 6 . . . . . . . . 1 . 5 . . . . find_recycling 1 | . . . . . . . . . . . . . . . . . 1 . . . purge_threat 1 | . . . . . . . . . . . . . 1 . . . . . . . locate_traps 1 | . . . . . . . . . . . . . 1 . . . . . . . block_reporting 1 | . . . . . . . . . . . . . 1 . . . . . . . summon_haulers 1 | . . . . . . . . . . . . . 1 . . . . . . . recall_investigation 1 | . . . . . . . . . . . . . 1 . . . . . . . map_route 1 | . . . . . . . . . . . 1 . . . . . . . . . find_shortcuts 5 | . . . . . . . . . . 3 . . . 1 1 . . . . . find_garrison 3 | . . . . . . . . . . . 1 . 1 . 1 . . . . . scatter_targeting 1 | . . . . . . . . . . 1 . . . . . . . . . . disrupt_area 1 | . . . . . . . . . . 1 . . . . . . . . . . spike_heat 1 | . . . . . . . . . . . . . . . . 1 . . . . overload_power 3 | . . . . . . . . . . 1 . 2 . . . . . . . . amplify_resonance 13 | . . . . . . . . . . 1 1 2 1 2 . 5 . . 1 . disable_weapons 2 | . . . . . . . . . . . . . . . 1 1 . . . . reboot_system 3 | . . . . . . . . . . . 1 . . 1 . 1 . . . . go_dormant 1 | . . . . . . . . . . . . . 1 . . . . . . . overwrite_iff 5 | . . . . . . . . . . . . 1 . 2 . 2 . . . . streamctrl_high 1 | . . . . . . . . . . . . . . . 1 . . . . . formatsys_low 1 | . . . . . . . . . . 1 . . . . . . . . . . formatsys_high 11 | . . . . . . . . . . 4 . . . 3 . 2 2 . . . Relay Couplers Released 70 | . . . . . . . . 5 . 11 . 18 . 11 . 25 . . . . Machine Destruction 70 | . . . . . . . . 5 . 11 . 18 . 11 . 25 . . . . Attached 26 | . . . . . . . . . . 4 1 3 1 5 . 12 . . . . Fabnet Peak Effective % . | . . . . . . . . . . . . . . . . . . . . . Robots Rewired 14 | . . . . . . . . 3 . 1 . . . . . 8 . 2 . . Allies Hacked 2 | . . . . . . . . . . 1 . . . 1 . . . . . . Hacks Repelled . | . . . . . . . . . . . . . . . . . . . . . Allies | -11 -10 -10 -9 -9 -9 -8 -8 -8 -8 -8 -7 -7 -7 -7 -6 -6 -6 -6 -6 -6 -------- Run | Yrd Mat Min Mat Min Exi Min Mat Gar Mat Gar Fac Gar Fac Gar Fac Gar Fac Low Low Dat Total Allies 43 | . . 1 . 2 . . . 3 . 6 . 1 . 10 1 15 2 2 . . Largest Group 8 | . . 1 . 2 2 . . 3 2 3 2 1 . 3 3 7 8 8 6 3 Highest-Rated Group 534 | . . 31 . 46 46 . . 95 70 68 36 21 . 189 189 502 534 514 345 114 Highest-Rated Ally 149 | . . 31 . 31 31 . . 39 39 39 21 21 . 95 95 149 149 149 149 41 Total Orders 11 | . . . . . 4 . . . . 5 . . . 2 . . . . . . STAY 5 | . . . . . 1 . . . . 3 . . . 1 . . . . . . FOLLOW 3 | . . . . . . . . . . 2 . . . 1 . . . . . . EXPLORE 2 | . . . . . 2 . . . . . . . . . . . . . . . RETURN 1 | . . . . . 1 . . . . . . . . . . . . . . . Ally Attacks 242 | . . . . . . . . 6 5 32 6 2 . 22 11 90 11 42 9 6 Total Damage 7807 | . . . . . . . . 196 63 452 84 43 . 589 951 3021 442 1419 346 201 Kills 66 | . . . . . . . . 4 . 8 3 . . 6 6 23 5 8 3 . Allies Corrupted . | . . . . . . . . . . . . . . . . . . . . . Allies Melted . | . . . . . . . . . . . . . . . . . . . . . Intel | -11 -10 -10 -9 -9 -9 -8 -8 -8 -8 -8 -7 -7 -7 -7 -6 -6 -6 -6 -6 -6 ------- Run | Yrd Mat Min Mat Min Exi Min Mat Gar Mat Gar Fac Gar Fac Gar Fac Gar Fac Low Low Dat Active Infowar (turns) 6138 | . 1006 324 1878 269 425 929 1070 237 . . . . . . . . . . . . Structural 5632 | . 1006 324 1878 269 425 929 801 . . . . . . . . . . . . . Seismic 506 | . . . . . . . 269 237 . . . . . . . . . . . . Robot Analysis Total 5 | . 1 . 3 . . . . . . . 1 . . . . . . . . . Derelict Logs Recovered 3 | . . . . 1 . . . . . . . . . . . . . 1 1 . Drone Launches 1 | . . . . . 1 . . . . . . . . . . . . . . . Drone Recoveries 1 | . . . . . 1 . . . . . . . . . . . . . . . Exploration | -11 -10 -10 -9 -9 -9 -8 -8 -8 -8 -8 -7 -7 -7 -7 -6 -6 -6 -6 -6 -6 ------------- Run | Yrd Mat Min Mat Min Exi Min Mat Gar Mat Gar Fac Gar Fac Gar Fac Gar Fac Low Low Dat Turns Passed 18121 | 52 1041 325 1878 269 453 929 1206 568 10 1882 1192 1832 986 1759 401 1464 538 613 550 173 Spaces Moved 9096 | 45 398 262 778 134 331 593 620 283 6 818 669 791 516 910 250 690 276 338 313 75 Core 3 | 3 . . . . . . . . . . . . . . . . . . . . Treads 2854 | . . . . . . . 179 283 6 818 108 . . . . 458 276 338 313 75 Legs 3302 | . . 192 778 134 331 593 441 . . . . . . 752 81 . . . . . Wheels 2937 | 42 398 70 . . . . . . . . 561 791 516 158 169 232 . . . . Hover . | . . . . . . . . . . . . . . . . . . . . . Flight . | . . . . . . . . . . . . . . . . . . . . . Fastest Speed 50 | 50 90 90 120 190 120 120 120 155 160 160 140 125 140 120 120 160 160 160 165 165 Average Speed 146 | 87 90 111 162 190 127 129 130 159 160 169 159 150 141 126 131 163 160 163 165 165 Slowest Speed 260 | 90 90 120 190 190 190 190 155 240 160 240 240 155 155 260 190 170 160 165 165 165 Overloaded Moves . | . . . . . . . . . . . . . . . . . . . . . Propulsion Burnouts . | . . . . . . . . . . . . . . . . . . . . . Robots Hopped . | . . . . . . . . . . . . . . . . . . . . . Potential Cave-ins . | . . . . . . . . . . . . . . . . . . . . . Cave-ins Triggered . | . . . . . . . . . . . . . . . . . . . . . Exploration Rate (%) 51 | 3 66 79 72 43 90 91 50 35 2 88 25 82 13 89 5 58 13 60 46 77 Regions Visited 20 Branch Regions 7 Pre-discovered Areas 4 | . 1 . . . 1 . 1 . . . . . . . . . . . . 1 Known Exits Taken 10 | . 1 1 1 . . 1 1 . 1 . 1 . 1 . 1 . . 1 . . Unknown Exits Taken 5 | 1 . . . 1 1 . . . . . . . . . . . 1 . 1 . Scrap Searched 6 | . . 1 . 1 . 1 . . . . . . . . . . . 2 1 . Spaces Dug 29 | . 12 . . . . 2 2 . . . 3 . 3 3 1 3 . . . . Terrain Destroyed 85 | . 20 . 21 . . 2 2 . . 14 3 11 3 3 1 3 . 2 . . Melee 14 | . 2 . . . . . 2 . . . 2 . 3 1 1 3 . . . . Projectile 7 | . . . . . . 2 . . . . 1 . . 2 . . . 2 . . AOE 64 | . 18 . 21 . . . . . . 14 . 11 . . . . . . . . Terrain Rammed . | . . . . . . . . . . . . . . . . . . . . . Walls Destroyed . | . . . . . . . . . . . . . . . . . . . . . Machines Disabled . | . . . . . . . . . . . . . . . . . . . . . Actions | -11 -10 -10 -9 -9 -9 -8 -8 -8 -8 -8 -7 -7 -7 -7 -6 -6 -6 -6 -6 -6 --------- Run | Yrd Mat Min Mat Min Exi Min Mat Gar Mat Gar Fac Gar Fac Gar Fac Gar Fac Low Low Dat Total 12842 | 54 1039 285 1245 143 364 679 943 360 6 1182 763 1280 726 1331 309 931 370 385 342 105 Wait 2430 | . 594 8 334 3 17 7 227 10 . 213 43 287 170 230 29 111 89 23 15 20 Move 9080 | 44 397 261 777 133 330 592 620 282 6 817 669 790 516 909 249 689 275 337 312 75 Hop . | . . . . . . . . . . . . . . . . . . . . . Pick Up 105 | 4 8 3 14 1 1 1 16 8 . 12 6 9 1 7 2 7 . 2 3 . Fast Attach 59 | 6 4 . 5 . 2 3 5 1 . 2 3 4 . 11 6 4 1 1 1 . Attach 42 | . 1 . 8 . . 1 6 2 . 7 1 6 . 6 1 . . 2 1 . Detach 3 | . . . 1 . . 1 . . . . . . . . . . . . 1 . Swap 167 | . 5 4 7 . 3 4 8 13 . 28 15 20 7 23 1 27 . 1 1 . Drop 110 | . 7 3 6 1 5 5 16 11 . 10 8 10 . 7 5 10 . 3 3 . Fire 657 | . 20 5 89 2 . 57 40 24 . 93 14 110 26 76 13 61 5 7 5 10 Melee 97 | . 3 . . . 6 . 5 5 . . 4 4 6 39 3 22 . . . . Ram . | . . . . . . . . . . . . . . . . . . . . . Kick 16 | . . 1 4 3 . 8 . . . . . . . . . . . . . . Crush 2 | . . . . . . . . . . . . . . 2 . . . . . . Escape Stasis 53 | . . . . . . . . . . . . 40 . 13 . . . . . . Rewire 9 | . . . . . . . . . . . . . . . . . . 9 . . Trap 4 | . . . . . . . . 4 . . . . . . . . . . . . Miscellaneous 8 | . . . . . . . . . . . . . . 8 . . . . . . Route ------- -11/Scrapyard -10/Materials (discovered 5 exits: *Mat x3 / *Min x2) -10/Mines (discovered 2 exits: *Mat x2) -9/Materials (discovered 5 exits: *Mat x3 / *Min x2) -9/Mines (discovered 3 exits: Mat / *Exi / [*Zio]) -9/Exiles (discovered 2 exits: [*Min x2]) -8/Mines -8/Materials (discovered 4 exits: *Fac x3 / Gar) -8/Garrison (discovered 4 exits: *Mat x4) -8/Materials (discovered 3 exits: Fac x2 / Gar) -8/Garrison (discovered 3 exits: *Fac x3) -7/Factory (discovered 3 exits: *Fac / Sto / Gar) -7/Garrison (discovered 3 exits: *Fac x3) -7/Factory (discovered 2 exits: Sto / Gar) -7/Garrison (discovered 3 exits: *Fac x3) -6/Factory -6/Garrison (discovered 2 exits: *Fac x2) -6/Factory -6/Lower Caves -6/Lower Caves -6/Data Miner (discovered 1 exit: [*Pro]) History --------- Turn | Location | Event 29 | -11/Scrapyard | Discovered new exit (range 15) 53 | -11/Scrapyard | Entered Materials 193 | -10/Materials | Discovered new exit (range 15) 275 | -10/Materials | Discovered new exit (range 13) 315 | -10/Materials | Build established: Mutant 333 | -10/Materials | Discovered new exit (range 8) 375 | -10/Materials | Discovered new exit (range 15) 535 | -10/Materials | Learned Storage emergency access door positions 613 | -10/Materials | Learned location of Storage (-7) 680 | -10/Materials | Identified exit to Mines 738 | -10/Materials | Identified exit to Materials 827 | -10/Materials | Learned 4 Materials zone layouts 896 | -10/Materials | Loaded intel: 2 recycling unit locations 1066 | -10/Materials | Learned location of 1 exit from Recycling 1094 | -10/Materials | Entered Mines 1097 | -10/Mines | Received a Mining Laser from a helpful Derelict 1097 | -10/Mines | Met a Derelict bent on vengeance 1101 | -10/Mines | Found a hidden stash of uninstalled traps 1390 | -10/Mines | Met a Derelict who couldn't figure out how to use a Trap Extractor 1419 | -10/Mines | Entered Materials 1419 | -9/Materials | Evolved 2 slots: Propulsion x1, Utility x1 1420 | -9/Materials | Identified exit to Materials 1421 | -9/Materials | Identified exit to Mines 1710 | -9/Materials | Discovered exit to Mines (range 13) 2607 | -9/Materials | Lost 3 parts (1n2w) 2659 | -9/Materials | Repaired Carbon-fiber Leg 2798 | -9/Materials | Learned Storage emergency access door positions 2810 | -9/Materials | Central database locked down 2872 | -9/Materials | Learned Storage emergency access door positions 2937 | -9/Materials | Learned 2 Materials zone layouts 2946 | -9/Materials | Build established: Scavenger-Mutant 2993 | -9/Materials | Learned 2 Materials zone layouts 3038 | -9/Materials | Learned Storage trap positions 3072 | -9/Materials | Learned location of 1 exit from Storage 3114 | -9/Materials | Learned Recycling recycling unit intel 3167 | -9/Materials | Learned Storage trap positions 3229 | -9/Materials | Learned 2 Storage zone layouts 3297 | -9/Materials | Entered Mines 3357 | -9/Mines | Learned Materials emergency access door positions 3360 | -9/Mines | A Derelict revealed a hidden shortcut to a safe place 3474 | -9/Mines | Found a Scrap Suit stashed away for nefarious purposes 3528 | -9/Mines | Found a damaged Exp. Sensor Array with a note attached 3532 | -9/Mines | Found Prototype Device 3552 | -9/Mines | Deemed a non-threat by the Exiles lab entrance 3552 | -9/Mines | Discovered new exit (range 6) 3566 | -9/Mines | Entered Exiles 3566 | -9/Exiles | Accompanied by 2 allies 3596 | -9/Exiles | Led the pair of lost Derelicts to a safe place 3612 | -9/Exiles | Met 8R-AWN 3642 | -9/Exiles | Met EX-HEX 3689 | -9/Exiles | Met EX-DEC 3722 | -9/Exiles | Learned location of Zion (-7) 3741 | -9/Exiles | Met EX-BIN 3759 | -9/Exiles | Aligned with FarCom system 3760 | -9/Exiles | Given EX-Vault access code 3788 | -9/Exiles | Opened EX-Vault 3797 | -9/Exiles | Found AWS/Gauss 3802 | -9/Exiles | Found Supersonic Drone Bay 3812 | -9/Exiles | Discovered new exit (range 55) 3818 | -9/Exiles | Discovered new exit (range 68) 3854 | -9/Exiles | Warned to stay clear of 0b10 Research branches 4019 | -9/Exiles | Left Exiles lab with AWS/Gauss 4019 | -9/Exiles | Entered Mines 4209 | -8/Mines | Core integrity fell below 50% 4379 | -8/Mines | Discovered exit to Materials (range 10) 4948 | -8/Mines | Entered Materials 4948 | -8/Materials | Evolved 2 slots: Utility x2 4949 | -8/Materials | Identified exit to Factory 5378 | -8/Materials | Learned 4 Factory zone layouts 5396 | -8/Materials | Learned location of Extension (-5) 5404 | -8/Materials | Learned Recycling recycling unit intel 5406 | -8/Materials | Learned 2 Lower Caves zone layouts 5412 | -8/Materials | Learned 2 Lower Caves zone layouts 5802 | -8/Materials | Lost 5 parts (1p2n2u) 5974 | -8/Materials | Repaired Core Shielding 6154 | -8/Materials | Identified exit to Garrison 6154 | -8/Materials | Entered Garrison 6172 | -8/Garrison | Triggered checkpoint 6190 | -8/Garrison | Discovered new exit (range 65) 6190 | -8/Garrison | Discovered new exit (range 75) 6190 | -8/Garrison | Discovered new exit (range 45) 6190 | -8/Garrison | Discovered new exit (range 39) 6331 | -8/Garrison | Garrison Relay disabled 6406 | -8/Garrison | Triggered checkpoint 6559 | -8/Garrison | Installed Relay Interface Framework 6722 | -8/Garrison | Entered Materials 6722 | -8/Materials | Accompanied by 2 allies 6732 | -8/Materials | Identified exit to Garrison 6732 | -8/Materials | Entered Garrison 6732 | -8/Garrison | Accompanied by 1 ally 6791 | -8/Garrison | Triggered checkpoint 6960 | -8/Garrison | Expanded RIF knowledge: Threat Obfuscation 7158 | -8/Garrison | Garrison Relay disabled 7230 | -8/Garrison | Triggered checkpoint 7235 | -8/Garrison | Triggered checkpoint 7340 | -8/Garrison | Triggered checkpoint 7354 | -8/Garrison | Learned Factory security intel 7368 | -8/Garrison | Garrison Relay disabled 7488 | -8/Garrison | Discovered exit to Factory (range 14) 7844 | -8/Garrison | Triggered checkpoint 7962 | -8/Garrison | Garrison Relay disabled 8068 | -8/Garrison | Discovered exit to Factory (range 8) 8148 | -8/Garrison | Triggered checkpoint 8239 | -8/Garrison | Discovered exit to Factory (range 10) 8272 | -8/Garrison | Triggered checkpoint 8614 | -8/Garrison | Entered Factory 8614 | -7/Factory | Accompanied by 2 allies 8614 | -7/Factory | Evolved 2 slots: Utility x2 8615 | -7/Factory | Identified exit to Storage 8691 | -7/Factory | Build established: Bothacker-Mutant 9742 | -7/Factory | Discovered new exit (range 9) 9806 | -7/Factory | Identified exit to Garrison 9806 | -7/Factory | Entered Garrison 9830 | -7/Garrison | Triggered checkpoint 9850 | -7/Garrison | Garrison Relay disabled 9878 | -7/Garrison | Learned Factory security intel 10102 | -7/Garrison | Triggered checkpoint 10273 | -7/Garrison | Discovered new exit (range 6) 10336 | -7/Garrison | Triggered checkpoint 10452 | -7/Garrison | Garrison Relay disabled 10459 | -7/Garrison | Garrison Relay disabled 10717 | -7/Garrison | Discovered new exit (range 9) 10772 | -7/Garrison | Triggered checkpoint 10855 | -7/Garrison | Triggered checkpoint 11180 | -7/Garrison | Triggered checkpoint 11269 | -7/Garrison | Discovered new exit (range 14) 11391 | -7/Garrison | Expanded RIF knowledge: Command Fork 11457 | -7/Garrison | Garrison Relay disabled 11638 | -7/Garrison | Entered Factory 12624 | -7/Factory | Identified exit to Garrison 12624 | -7/Factory | Entered Garrison 12666 | -7/Garrison | Triggered checkpoint 12785 | -7/Garrison | Rescued a captive Derelict 12786 | -7/Garrison | Rescued a captive Derelict 12811 | -7/Garrison | Garrison Relay disabled 12947 | -7/Garrison | Triggered checkpoint 12964 | -7/Garrison | Triggered checkpoint 12997 | -7/Garrison | Core integrity fell below 50% 13016 | -7/Garrison | Lost 4 allies 13019 | -7/Garrison | Lost 4 parts (3n1u) 13056 | -7/Garrison | Triggered checkpoint 13322 | -7/Garrison | Discovered new exit (range 15) 13512 | -7/Garrison | Expanded RIF knowledge: Coupler Efficiency 13542 | -7/Garrison | Triggered checkpoint 13575 | -7/Garrison | Garrison Relay disabled 13662 | -7/Garrison | Triggered checkpoint 13819 | -7/Garrison | Garrison Relay disabled 13870 | -7/Garrison | Discovered new exit (range 13) 14041 | -7/Garrison | Found embedded Infiltrators 14124 | -7/Garrison | Expanded RIF knowledge: Patrol Navigation 14143 | -7/Garrison | Discovered new exit (range 10) 14383 | -7/Garrison | Entered Factory 14383 | -6/Factory | Accompanied by 3 allies 14383 | -6/Factory | Evolved 2 slots: Utility x2 14569 | -6/Factory | Build established: Botlord-Mutant 14749 | -6/Factory | Identified exit to Garrison 14766 | -6/Factory | Lost 3 allies 14784 | -6/Factory | Entered Garrison 14906 | -6/Garrison | Triggered checkpoint 14981 | -6/Garrison | Garrison Relay disabled 14982 | -6/Garrison | Triggered checkpoint 15136 | -6/Garrison | Rescued HV-R5K 15150 | -6/Garrison | Lost 3 allies 15163 | -6/Garrison | Found embedded Infiltrators 15252 | -6/Garrison | Expanded RIF knowledge: Zone Cloak 15317 | -6/Garrison | Spotted B-75 Beast 15321 | -6/Garrison | Assimilated Beast 5a with formatsys_high 15326 | -6/Garrison | Triggered checkpoint 15330 | -6/Garrison | Triggered checkpoint 15388 | -6/Garrison | Triggered checkpoint 15394 | -6/Garrison | Garrison Relay disabled 15578 | -6/Garrison | Discovered new exit (range 10) 15586 | -6/Garrison | Triggered checkpoint 15599 | -6/Garrison | Garrison Relay disabled 15649 | -6/Garrison | Spotted B-90 Cyclops 15660 | -6/Garrison | Spotted B-86 Titan 15668 | -6/Garrison | Allies destroyed B-86 Titan 15703 | -6/Garrison | Rewired B-90 Cyclops 15852 | -6/Garrison | Discovered new exit (range 10) 15858 | -6/Garrison | Triggered checkpoint 15927 | -6/Garrison | Garrison Relay disabled 16020 | -6/Garrison | Triggered checkpoint 16057 | -6/Garrison | Garrison Relay disabled 16130 | -6/Garrison | Triggered checkpoint 16248 | -6/Garrison | Entered Factory 16248 | -6/Factory | Accompanied by 7 allies (HV-R5K) 16659 | -6/Factory | Repaired Med. Reactive Plating 16692 | -6/Factory | Discovered new exit (range 6) 16786 | -6/Factory | Entered Lower Caves 16786 | -6/Lower Caves | Accompanied by 8 allies (HV-R5K) 16830 | -6/Lower Caves | Spotted B-75 Beast 16840 | -6/Lower Caves | Allies destroyed B-75 Beast 16952 | -6/Lower Caves | Attracted the attention of an 0b10 outpost 17134 | -6/Lower Caves | Identified exit to Lower Caves 17399 | -6/Lower Caves | Entered another Lower Caves area 17399 | -6/Lower Caves | Accompanied by 6 allies (HV-R5K) 17573 | -6/Lower Caves | Found Exp. Core Analyzer 17643 | -6/Lower Caves | Discovered new exit (range 7) 17787 | -6/Lower Caves | Learned Factory stockpile data 17856 | -6/Lower Caves | Encountered a Warlord checkpoint 17949 | -6/Lower Caves | Entered Data Miner 17949 | -6/Data Miner | Accompanied by 3 allies 17949 | -6/Data Miner | Discovered new exit (range 6) 17981 | -6/Data Miner | Met Data Miner 18017 | -6/Data Miner | Learned location of Section 7 (-2) 18017 | -6/Data Miner | Acquired the access code to Warlord's prototype stash 18047 | -6/Data Miner | Received God Mode back door access code from Data Miner 18080 | -6/Data Miner | Data Conduit disabled 18122 | -6/Data Miner | Self-destructed Last Messages --------------- \\PCFE to gain control via the back door I've installed. Now off with you. 18077_ Activated siege mode. 18080_ Data Miner disappears through a trap door. 18089_ Ended siege mode. 18092_ Slug penetrates Enhanced Grunt. 18093_ Guardian 5b destroyed. 18095_ Slayer 5b destroyed. 18095_ Slug penetrates Data Conduit. 18095_ Slayer 5d destroyed. 18098_ Slug penetrates Enhanced Grunt. 18101_ Enhanced Grunt Prototype Leg blasted off. 18102_ Activated siege mode. 18104_ Slug penetrates Data Conduit. 18107_ Slug penetrates Enhanced Grunt. 18116_ Enhanced Grunt Lyr. Medium Armor Plating blasted off. 18116_ Enhanced Grunt destroyed. 18117_ Kinecellerator destroyed. 18120_ Hardcell Cannon destroyed. 18122_ Med. Reflective Plating destroyed. Map ----- +----------------------------------------------------+ | | | | | | | | | | | | | | | | | | | | | | | | | | | | | ??????????????????????????????????? | | ??????????????????????????????????? | | ??????????????????????????????????? | | ??????????????????????????????????? | | ??????????????????????????????????? | | ??????###############?????????????? | | ????#"""""""""""""""######????????# | | ???#""""""""" " "" ########## | | ???"""""""""" % | | ???"""""" %[ g = | | ??#"""""" !%! !%[ g%% | | ??#""""" @[[ = g % | | ??#""""""" %* | | ???""""""" [ """"""""""" | | ???""""" """"######### | | ???#"""""" """""###???????? | | ????#"""""""" "#####?????????? | | ??????######"## "#?????????????? | | ???????????#"### "#?????????????? | | ???????????#"### "#?????????????? | | ???????????#"?# "#?????????????? | | ?????????????## "#?????????????? | | ?????????????# "#?????????????? | | ?????????????### "#?????????????? | | ???????????????# "##????????????? | | ??????????????## ""#????????????? | | ???????????#?## ""#????????????? | | ??????????##"#"X ""#????????????? | | ??????????""""" "####?????????? | | ??????????""""" X"""""?????????? | | ??????????##"#"X "##"#?????????? | | ???????????#?## X""""#?????????? | | ??????????????## "##"#?????????? | | ???????????????#######????????????? | | ??????????????????????????????????? | | ??????????????????????????????????? | +----------------------------------------------------+ Best States ------------- Heat Dissipation 72 Energy Generation 18 Energy Capacity 1100 Matter Stores 300 Matter Capacity 300 Sight Range 16 Terrain Scan Density 10 Armor Coverage 900 Resistance: KI 30 Resistance: TH 15 Core Shielding 20 Phase Shifting 10 Evasion (%) 65 Recoil Reduction 3 Matter Filtering 30 Kinecelleration 30 Relay Coupler Types 6 Relay Coupler Value 176 Item Schematics ----------------- Heat Sink | -9/Materials | Extracted Cooling System | -9/Materials | Extracted Trap Extractor | -9/Materials | Extracted Med. Battery | -9/Materials | Extracted Hrd. Medium Armor Plating | -8/Materials | Scanalyzed Combat Drone Bay | -6/Data Miner | Free Lgt. Regenerative Plating | -6/Data Miner | Free Cld. Gravmag System | -6/Data Miner | Free Exp. Heat Sink | -6/Data Miner | Free Neutron Cannon | -6/Data Miner | Free Adv. Medium Treads | -6/Data Miner | Free Graphene Brace | -6/Data Miner | Free Force Lance | -6/Data Miner | Free Hvy. Shock Bomb Launcher | -6/Data Miner | Free Antigrav Array | -6/Data Miner | Free Robot Schematics ------------------ G-34 Mercenary | -9/Materials | Hacked G-47 Trooper | -7/Factory | Hacked L-41 Fighter | -6/Data Miner | Free X-62 Marksman | -6/Data Miner | Free R-10 Processor | -6/Data Miner | Free G-50 Soldier | -6/Data Miner | Free G-67 Veteran | -6/Data Miner | Free O-32 Director | -6/Data Miner | Free Y-64 Sentinel | -6/Data Miner | Free Fabricated ------------ Nothing Repaired ---------- Carbon-fiber Leg | 1% | -9/Materials Core Shielding | 10% | -8/Materials Med. Reactive Plating | 50% | -6/Factory Alien Tech Used ----------------- None Achievements -------------- None Challenges ------------ None Game ------ Seed CompositeTiamatMultitool Manual? 0 Play Time 04:07:48 Cumulative 342.9 hours Start 2025.05.30 @ 21:41:07 End 2025.06.03 @ 12:17:10 Sessions 5 Manual Loads 0 Difficulty Rogue Special Mode None Game No. 162 Rogue 119 Adventurer 43 Explorer 0 Win Type - Total 6 Types 4/0/1/0/0/0/0/1/0/0 Lore% 84 Gallery% 73 Achievement% 66 Wizard Run 0 Options --------- Layout 0 ASCII 0 Keyboard 0 Movement Numpad Keybinds 0 Fullscreen 1 Font 24/Smallcaps Map View 76x50 Zoom Use 0% Tactical HUD 1 Map Filters NONE Filters NONE Steam 1 RUN: 6bfbc8dd-24d9-4e8c-98c2-608e78423638